Map: Tours du crépuscule

Players

Worming

  • Race: Zerg Zerg
  • League: Diamond

unSTOPableE - Winner!

  • Race: Protoss Protoss
  • League: Diamond

VOD

Have the link to the VOD?

Description

Time

  • Played on: Jan. 3, 2016, 7:20 a.m.
  • Length: 12:30
Show
View Real Time Build Order
Export as new Build Order

Worming Zerg 

Build Orders: Hatch First, Lurkers 

Get SALT Encoding   

  12  0:02  Drone  
  13  0:12  Overlord  
  13  0:17  Drone  
  14  0:30  Drone x2  
  14  0:35  Drone  
  17  0:53  Hatchery  
  17  0:56  Drone  
  17  1:08  Spawning Pool  
  17  1:11  Drone  
  17  1:15  Drone  
  18  1:19  Drone  
  19  1:30  Drone  
  20  1:34  Extractor  
  20  1:39  Overlord  
  19  1:55  Queen, Zergling x2  
  22  2:03  Drone  
  22  2:07  Queen  
  25  2:10  Drone  
  25  2:12  Zergling x2  
  27  2:16  Drone  
  29  2:22  Drone  
  29  2:30  Queen, Drone  
  32  2:37  Metabolic Boost  
  32  2:40  Overlord  
  32  2:45  Drone x2  
  33  3:07  Hatchery  
  31  3:13  Zergling x6  
  33  3:27  Drone x7  
  36  3:42  Drone x5  
  41  3:52  Overlord  
  41  3:53  Overlord  
  41  4:01  Overlord  
  41  4:06  Roach Warren  
  40  4:10  Drone x5  
  45  4:22  Overlord  
  45  4:29  Extractor  
  45  4:30  Extractor  
  43  4:37  Zergling x4  
  45  4:39  Drone x4  
  49  4:48  Lair  
  49  4:52  Drone x3  
  52  5:20  Drone x12  
  63  5:22  Evolution Chamber x2  
  63  5:26  Spine Crawler  
  63  5:28  Overlord x2  
  60  5:33  Roach  
  60  5:34  Roach x5  
  72  5:49  Zerg Missile Weapons Level 1, Zerg Ground Armor Level 1  
  72  5:51  Overlord  
  72  5:53  Zergling x2, Roach x2, Extractor  
  72  5:54  Zergling x12  
  72  5:56  Overlord  
  82  5:57  Overlord  
  82  6:06  Glial Reconstitution  
  74  6:26  Drone x3  
  74  6:39  Drone x2  
  78  6:40  Drone x4  
  78  6:41  Drone x3  
  80  6:54  Drone  
  80  6:55  Drone x6  
  80  6:57  Extractor  
  80  6:58  Ravager x3  
  80  6:59  Ravager  
  90  7:07  Drone x2  
  91  7:11  Extractor  
  91  7:15  Drone x5  
  95  7:19  Drone  
  96  7:38  Overlord  
  96  7:39  Roach x5  
  96  7:40  Roach x3  
  96  7:43  Overlord  
  112  7:44  Overlord, Spire  
  112  7:45  Zergling x4  
  112  7:46  Zergling x2, Hatchery  
  112  7:50  Hatchery  
  112  7:53  Zerg Missile Weapons Level 2  
  106  8:16  Overlord  
  96  8:30  Hatchery  
  94  8:35  Zergling x2, Roach x6  
  94  8:36  Zergling x12  
  113  8:45  Queen x2  
  117  8:49  Drone  
  118  8:57  Mutalisk  
  118  8:58  Mutalisk x5  
  130  9:05  Ravager x5  
  130  9:06  Drone x6  
  141  9:21  Pneumatized Carapace  
  141  9:30  Spire  
  139  9:34  Drone x6  
  139  9:35  Drone  
  139  9:36  Extractor  
  143  9:46  Hydralisk Den  
  143  9:49  Drone x12  
  154  9:56  Drone x3  
  154  9:57  Extractor  
  154  9:58  Drone x2  
  158  10:00  Overlord x3  
  158  10:05  Overlord  
  157  10:19  Lurker Den  
  135  10:48  Mutalisk x3  
  135  10:49  Mutalisk x2  
  139  10:51  Zergling x20, Roach x7  
  163  11:10  Overlord  
  163  11:12  Overlord x2  
  163  11:18  Hydralisk x10  
  165  11:19  Extractor  
  165  11:24  Extractor  
  164  11:28  Roach  
  164  11:29  Roach x8  
  162  11:43  Roach x9  
  172  11:53  Lurker x3  
  172  11:54  Lurker x4  
  167  11:56  Roach x3  
  167  11:57  Roach x3  
Show
View Real Time Build Order
Export as new Build Order

unSTOPableE Protoss - Winner!

Build Orders: Double Forge 

Get SALT Encoding   

  12  0:01  Probe (Chrono Boost)  
  13  0:12  Probe (Chrono Boost)  
  14  0:19  Pylon  
  14  0:23  Probe (Chrono Boost)  
  15  0:37  Probe (Chrono Boost)  
  15  0:39  Gateway  
  16  0:48  Probe (Chrono Boost)  
  17  0:50  Assimilator  
  17  0:58  Probe (Chrono Boost)  
  17  1:02  Gateway  
  18  1:09  Probe (Chrono Boost)  
  19  1:15  Pylon  
  19  1:19  Probe (Chrono Boost)  
  20  1:27  Cybernetics Core  
  20  1:30  Probe (Chrono Boost)  
  21  1:36  Assimilator  
  21  1:40  Probe (Chrono Boost)  
  23  1:54  Probe (Chrono Boost)  
  23  2:04  Warp Gate (Chrono Boost), Adept (Chrono Boost)  
  23  2:05  Adept (Chrono Boost)  
  27  2:26  Nexus  
  27  2:32  Mothership Core  
  29  2:38  Pylon  
  29  2:43  Adept  
  31  2:56  Probe, Sentry  
  34  3:08  Probe  
  35  3:20  Probe  
  36  3:31  Robotics Facility  
  36  3:32  Gateway, Probe  
  37  3:35  Pylon  
  33  3:44  Gateway  
  33  3:45  Probe  
  34  3:52  Probe  
  35  3:57  Probe  
  35  4:00  Assimilator  
  36  4:03  Probe  
  36  4:09  Probe  
  38  4:11  Pylon  
  38  4:13  Probe  
  38  4:14  Stalker  
  41  4:21  Probe, Observer (Chrono Boost)  
  41  4:24  Probe  
  43  4:29  Assimilator  
  44  4:33  Probe  
  44  4:37  Probe  
  45  4:41  Warp Prism (Chrono Boost)  
  45  4:42  Sentry  
  50  4:45  Adept  
  50  4:46  Probe  
  50  4:47  Probe  
  54  4:56  Forge  
  54  4:59  Forge  
  54  5:00  Probe  
  54  5:02  Probe  
  56  5:12  Probe  
  56  5:13  Probe  
  57  5:14  Twilight Council  
  58  5:22  Adept x2  
  58  5:23  Adept  
  64  5:31  Probe  
  64  5:35  Protoss Ground Weapons Level 1, Robotics Bay  
  65  5:39  Protoss Ground Armor Level 1, Probe  
  66  5:51  Blink (Chrono Boost)  
  66  5:56  Immortal  
  70  6:02  Pylon  
  70  6:05  Pylon  
  70  6:19  Probe  
  70  6:20  Probe  
  70  6:32  Probe  
  68  6:33  Probe  
  68  6:34  Disruptor  
  69  6:49  Stalker x2  
  69  6:50  Stalker x2  
  77  6:58  Nexus  
  77  7:00  Pylon  
  77  7:03  Pylon  
  77  7:05  Probe  
  77  7:06  Probe  
  77  7:07  Gateway  
  79  7:10  Disruptor (Chrono Boost)  
  79  7:14  Gateway  
  82  7:21  Probe  
  83  7:24  Sentry, Stalker x2  
  83  7:28  Stalker  
  91  7:38  Protoss Ground Weapons Level 2  
  91  7:39  Resonating Glaives  
  91  7:41  Protoss Ground Armor Level 2  
  91  7:49  Zealot  
  93  7:52  Zealot x3  
  93  7:56  Probe  
  93  7:58  Probe  
  92  8:20  Disruptor (Chrono Boost)  
  92  8:21  Stalker  
  92  8:22  Stalker x2  
  99  8:33  Stalker  
  101  8:39  Probe, Robotics Facility  
  102  8:43  Probe  
  102  8:44  Probe  
  104  8:49  Probe  
  104  8:53  Zealot  
  107  8:56  Probe, Disruptor (Chrono Boost)  
  107  9:02  Probe  
  111  9:03  Assimilator  
  111  9:08  Assimilator  
  112  9:15  Zealot x2  
  110  9:27  Stalker x4  
  112  9:34  Templar Archives  
  112  9:36  Pylon  
  112  9:46  Stalker  
  112  9:47  Stalker  
  112  9:48  Probe  
  112  9:52  Pylon  
  117  9:54  Gateway, Pylon  
  117  9:56  Gateway, Pylon  
  117  9:59  Gateway  
  117  10:00  Pylon  
  117  10:03  Gateway, Stalker x2  
  117  10:04  Gateway, Sentry x2  
  111  10:51  Stalker x3  
  111  10:52  Stalker  
  119  10:57  Disruptor (Chrono Boost)  
  119  11:01  Sentry x2  
  119  11:02  Stalker  
  128  11:16  High Templar x2  
  128  11:17  High Templar  
  134  11:24  Archon  
  132  11:28  Stalker x4  
  132  11:32  Zealot x4  
  146  11:57  Disruptor (Chrono Boost)  
  147  12:13  Nexus  
  147  12:15  Pylon  
  145  12:17  Pylon  
  145  12:18  Pylon  
  145  12:20  Pylon  
Tags
 
Add a new tag
Caveats
  • Supply blocks, unpowered buildings, or Contaminate may cause inaccurate times.
  • Supply counts are checked every 10 seconds.